 Dungeon Crawl Stone Soup version 0.28.0-53-g5a82cb258f (webtiles) character file.

Game seed: 12348099023820976219

12694 Stomo the Fighter (level 11, -5/101 HPs)
             Began as a Black Draconian Monk on July 13, 2022.
             Was a Priest of the Shining One.
             Slain by a boulder beetle (37 damage)
             ... on level 11 of the Dungeon.
             The game lasted 00:16:33 (11274 turns).

Stomo the Fighter (Black Draconian Monk)           Turns: 11274, Time: 00:16:34

Health: -5/101     AC: 11    Str: 18    XL:     11   Next: 65%
Magic:  14/14      EV: 22    Int: 10    God:    the Shining One [***...]
Gold:   542        SH:  0    Dex: 30    Spells: 12/14 levels left

rFire   . . .      SeeInvis .   j - +10 flail of the Beast {flame, rC- rN+ Dex+10}
rCold   x . .      Faith    .   (no shield)
rNeg    + + .      Spirit   .   (armour unavailable)
rPois   .          Reflect  .   (helmet restricted)
rElec   +          Harm     .   K - +0 cloak
rCorr   .          Rampage  .   k - +2 pair of gloves
Will    +....                   (no boots)
Stlth   +.........              I - amulet of magic regeneration
HPRegen 0.26/turn               e - ring of willpower
MPRegen 0.54/turn               g - +6 ring of dexterity

@: short of breath, glowing
A: breathe lightning, AC +7, unfitting armour, electricity resistance,
cold-blooded
a: Breathe Lightning, Renounce Religion, Divine Shield, Cleansing Flame


You were on level 11 of the Dungeon.
You worshipped the Shining One.
The Shining One was most pleased with you.
You visited 2 branches of the dungeon, and saw 12 of its levels.
You also visited: Ossuary.

You collected 542 gold pieces.

Inventory:

Hand Weapons
 a - a +1 mace
 j - the +10 flail of the Beast (weapon) {flame, rC- rN+ Dex+10}
   (You found it on level 2 of the Dungeon)

   It burns those it strikes, dealing additional fire damage.
   Dex:       It affects your dexterity (+10).
   rC:        It makes you vulnerable to cold.
   rN:        It protects you from negative energy.
 F - a +1 vampiric whip
 L - a +3 whip
Armour
 k - a +2 pair of gloves (worn)
 m - the +0 pair of boots of a wizard's laboratory {-Cast Harm Rampage}
   (You found it on level 3 of the Dungeon)

   -Cast:     It prevents spellcasting.
   Harm:      It increases damage dealt and taken.
   Rampage:   It bestows one free step when moving towards enemies.
 K - a +0 cloak (worn)
Jewellery
 e - a ring of willpower (left hand)
 f - a ring of wizardry
 g - a +6 ring of dexterity (right hand)
 p - a ring of protection from fire
 y - a ring of ice
 A - a ring of see invisible
 C - an amulet of the acrobat
 I - an amulet of magic regeneration (around neck)
 J - a ring of flight
Wands
 r - a wand of iceblast (29)
 B - a wand of acid (6)
 E - a wand of paralysis (10)
 G - a wand of polymorph (8)
Scrolls
 h - a scroll of fog {unknown}
 l - 2 scrolls of blinking
 n - a scroll of fear
 o - 6 scrolls of identify
 q - 2 scrolls of amnesia
 v - 4 scrolls of enchant armour
 x - 8 scrolls of teleportation
 D - a scroll of magic mapping {unknown}
 H - a scroll of vulnerability {unknown}
Potions
 b - 4 potions of mutation
 c - 3 potions of curing
 d - a potion of flight
 i - 3 potions of heal wounds
 s - 5 potions of might
 t - 2 potions of magic {unknown}
 u - a potion of invisibility {unknown}
 w - 2 potions of attraction {unknown}
 z - a potion of lignification {unknown}


   Skills:
 + Level 10.9 Fighting
 + Level 10.0 Maces & Flails
 + Level 9.2 Dodging
 - Level 1.7 Stealth
 - Level 2.4 Spellcasting
 - Level 6.1 Conjurations
 - Level 7.5 Air Magic


You had 12 spell levels left.
You knew the following spells:

 Your Spells              Type           Power      Damage    Failure   Level
a - Static Discharge      Conj/Air       14%        N/A       2%          2

Your spell library contained the following spells:

 Spells                   Type           Power      Damage    Failure   Level
 Corpse Rot               Necr/Air       16%        N/A       10%         2
 Scorch                   Fire           2%         2d5       41%         2
 Flame Wave               Conj/Fire      7%         2d5       63%         4
 Sticky Flame             Conj/Fire      7%         2d3       63%         4
 Irradiate                Conj/Tmut      3%         3d14      93%         5
 Dispel Undead            Necr           1%         3d6       96%         4
 Blade Hands              Tmut           0%         N/A       100%        5
 Death Channel            Necr           0%         N/A       100%        6
 Summon Cactus Giant      Summ           0%         N/A       100%        6
 Dragon Form              Tmut           0%         N/A       100%        7


Dungeon Overview and Level Annotations

Branches:
Dungeon (11/15)            Temple (1/1) D:7            Lair (0/6) D:10
    Orc (0/2) D:10        Ossuary (visited)

Altars:
Ashenzari
Cheibriados
Dithmenos
Elyvilon
Fedhas
Gozag
Hepliaklqana
Kikubaaqudgha
Makhleb
Nemelex Xobeh
Okawaru
Qazlal
Ru
Sif Muna
Trog
Uskayaw
Vehumet
Wu Jian
Xom
Yredelemnul
Zin
The Shining One

Shops:
D:2 [   D:4 *

Annotations:
D:6 1 runed translucent door, Crazy Yiuf


Innate Abilities, Weirdness & Mutations

You can breathe wild blasts of lightning.
Your glossy black scales are hard. (AC +7)
You cannot fit into any form of body armour.
You are resistant to electric shocks. (rElec)
You are cold-blooded and may be slowed by cold attacks.


Message History

The boulder beetle hits you!!
The boulder beetle stops rolling and uncurls.
Unknown command.
Unknown command.
Unknown command.
Unknown command.
You thump the boulder beetle! You burn the boulder beetle.
The boulder beetle is heavily wounded.
The boulder beetle bites you!
You thump the boulder beetle! You burn the boulder beetle.
You tail-slap the boulder beetle, but do no damage.
The boulder beetle is severely wounded.
The boulder beetle barely misses you.
You hit the boulder beetle. You burn the boulder beetle.
The boulder beetle is severely wounded.
The boulder beetle closely misses you.
You completely miss the boulder beetle.
You tail-slap the boulder beetle, but do no damage.
The boulder beetle is severely wounded.
The boulder beetle bites you but does no damage.
You hit the boulder beetle but do no damage.
You tail-slap the boulder beetle, but do no damage.
The boulder beetle is severely wounded.
The boulder beetle bites you!!
The boulder beetle curls into a ball and begins rolling!
You see here a +0 helmet.
The boulder beetle hits you.
* * * LOW HITPOINT WARNING * * *
The boulder beetle stops rolling and uncurls.
You hit the boulder beetle but do no damage.
The boulder beetle is severely wounded.
The boulder beetle waves its antennae.
The boulder beetle misses you.
The boulder beetle leaps!
Okay, then.
The boulder beetle completely misses you.
You see here a +0 helmet.
The boulder beetle curls into a ball and begins rolling!
The boulder beetle hits you!!!
You die...

#............... ....
................ #..#
#........... #..#
#........... #..#
#........... #..#
#......./... #..#
#.}....(....
######..#########...........
.......<..B@...(............
............................
################.###########
#.# #.# #.# #.# #.#


You could see a boulder beetle (rolling).

Vanquished Creatures
  A two-headed ogre (D:6)
  2 kobold demonologists (D:10)
  A komodo dragon (D:11)
  A troll (D:10)
  A hornet (D:7)
  A meliai zombie (D:10)
  Sigmund (D:2)
  20 yaks
  2 wyverns
  A basilisk (D:10)
  6 water moccasins
  Edmund (D:6)
  An acid dragon (D:9)
  2 ogres (D:10)
  11 orc warriors
  A sky beast (D:6)
  2 ice beasts
  A necrophage (D:5)
  5 centaurs
  3 kobold brigands
  5 elf zombies (Ossuary)
  2 bullfrogs
  2 wyvern zombies
  3 gnoll sergeants
  2 scorpions
  A howler monkey (D:6)
  5 centaur zombies
  A bullfrog skeleton (D:5)
  2 centaur skeletons
  4 human zombies (Ossuary)
  8 orc priests
  4 hounds
  Natasha (twice) (D:2)
  2 iguanas
  7 orc wizards
  A killer bee zombie (D:8)
  A hound skeleton (D:5)
  4 mummies
  A howler monkey zombie (D:9)
  6 gnolls
  7 adders
  A shadow imp (D:8)
  4 white imps
  2 ufetubi
  A worm (D:3)
  4 dart slugs
  40 orcs
  8 endoplasms
  5 giant cockroaches
  4 goblins
  5 hobgoblins
  5 jackals
  A quokka (D:2)
  5 ball pythons
  7 bats
  16 frilled lizards
  A hobgoblin zombie (D:4)
  17 kobolds
  An orc zombie (D:4)
  5 rats
266 creatures vanquished.

Vanquished Creatures (collateral kills)
  A wyvern (D:10)
  7 yaks (D:10)
  A basilisk (D:10)
  A centaur zombie (D:10)
  A gnoll (D:10)
11 creatures vanquished.

Vanquished Creatures (others)
  12 fungi
  15 plants
27 creatures vanquished.

Grand Total: 304 creatures vanquished

Notes
Turn   | Place    | Note
-------+----------+-------------------------------------------
     0 | D:1      | Stomo the Draconian Monk began the quest for the Orb.
     0 | D:1      | Reached XP level 1. HP: 19/19 MP: 1/1
   191 | D:1      | Reached XP level 2. HP: 26/26 MP: 2/2
  1001 | D:1      | Reached XP level 3. HP: 32/33 MP: 3/3
  1852 | D:2      | Found a faded altar of an unknown god.
  1858 | D:2      | Noticed Sigmund
  1880 | D:2      | Identified the +10 flail of the Beast {flame, rC- rN+
                  | Dex+10}
  1926 | D:2      | Killed Sigmund
  1927 | D:2      | Reached XP level 4. HP: 41/41 MP: 4/4
  1927 | D:2      | Reached XP level 5. HP: 47/47 MP: 5/5
  1936 | D:2      | Found Xocvilop's Armour Shoppe.
  1949 | D:2      | Noticed Natasha
  1958 | D:2      | Killed Natasha
  2471 | D:2      | Noticed Natasha
  2478 | D:2      | Killed Natasha
  2479 | D:2      | Reached skill level 5 in Fighting
  2539 | D:3      | Reached XP level 6. HP: 50/56 MP: 6/6
  2790 | D:3      | Identified the +0 pair of boots of a wizard's laboratory
                  | {-Cast Harm Rampage}
  3258 | D:4      | Found a sand-covered staircase.
  3265 | Ossuary  | Entered an ossuary
  3289 | Ossuary  | Reached skill level 5 in Maces & Flails
  3295 | Ossuary  | Your scales start taking on a glossy black colour.
  3295 | Ossuary  | Reached XP level 7. HP: 38/62 MP: 7/7
  3295 | Ossuary  | Gained mutation: You are resistant to electric shocks.
                  | (rElec) [Black Draconian growth]
  3440 | Ossuary  | Reached skill level 5 in Dodging
  3986 | D:4      | Found Halliplurch's General Store.
  4086 | D:4      | Found a burning altar of Makhleb.
  4483 | D:5      | Entered Level 5 of the Dungeon
  4488 | D:5      | Reached XP level 8. HP: 71/71 MP: 8/8
  4923 | D:5      | Learned a level 2 spell: Static Discharge
  5254 | D:6      | Reached skill level 1 in Air Magic
  5277 | D:6      | Reached skill level 1 in Spellcasting
  5277 | D:6      | Reached skill level 1 in Conjurations
  5277 | D:6      | Noticed a two-headed ogre
  5505 | D:6      | Noticed Edmund
  5512 | D:6      | Killed Edmund
  5589 | D:6      | Reached XP level 9. HP: 73/81 MP: 11/11
  5613 | D:6      | Killed a two-headed ogre
  5687 | D:6      | Found a runed translucent door.
  5688 | D:6      | Noticed Crazy Yiuf
  6475 | D:7      | Found a staircase to the Ecumenical Temple.
  6484 | Temple   | Entered the Ecumenical Temple
  6707 | Temple   | Became a worshipper of the Shining One
  6707 | Temple   | Reached * piety under the Shining One
  6707 | Temple   | Reached ** piety under the Shining One
  7059 | D:8      | You fall into a shaft and drop 3 floors!
  7105 | D:10     | Entered Level 10 of the Dungeon
  7123 | D:10     | Reached XP level 10. HP: 60/90 MP: 13/13
  7125 | D:10     | Reached skill level 5 in Air Magic
  7144 | D:10     | Reached skill level 5 in Conjurations
  7516 | D:10     | Found a staircase to the Lair.
  7899 | D:10     | Reached XP level 11. HP: 94/99 MP: 14/14
  7939 | D:9      | Reached *** piety under the Shining One
  7954 | D:9      | Reached skill level 10 in Fighting
 10637 | D:10     | Noticed a soul eater
 10919 | D:10     | Reached skill level 10 in Maces & Flails
 11122 | D:10     | Found a staircase to the Orcish Mines.
 11250 | D:11     | Noticed a boulder beetle
 11274 | D:11     | Slain by a boulder beetle

Illustrated notes

Levels and vault maps discovered:
D:1:      dpeg_arrival_water_fire, layout_loops_ring, minmay_tromino_v4_a
D:2:      minmay_alternating_diamond, layout_basic, serial_shops,
          nicolae_square_shop, hellmonk_ecumenical_altar_zigzags,
          minmay_lizard_king, uniq_natasha, uniq_sigmund
D:3:      layout_basic, minmay_randomly_rotated_circles
D:4:      layout_loops_corners, makhleb_blood_cavern_becter,
          nicolae_ossuary_entry_giza, serial_shops, nicolae_shop_stone,
          serial_aquarium, aquarium_bridge_island_small
          [aquarium_subvault_small_open, aquarium_subvault_bridge,
          aquarium_subvault_bridge, aquarium_subvault_wall,
          aquarium_subvault_window], aquarium_bridge_square
          [aquarium_subvault_bridge, aquarium_subvault_wall,
          aquarium_subvault_bridge, aquarium_subvault_window],
          aquarium_window_fake, aquarium_window_corner, aquarium_view_2f,
          aquarium_view_2d, aquarium_balcony_1b
D:5:      layout_cave_pools
D:6:      layout_rooms, uniq_edmund, uniq_crazy_yiuf_cottage
D:7:      nicolae_cairo_tiling_large, layout_loops_ring
D:8:      layout_cave_pools, special_room [special_room_orc], st_stairs_9,
          chequers_serial_rivers_micro_d
D:9:      layout_layer_cave
D:10:     layout_basic, minmay_lair_entry_grove,
          kennysheep_orc_monster_closet_entryway
D:11:     layout_long_grid, uniq_nergalle
Temple:   mainiacjoe_temple_archimedes_tessellation

Skill      XL: |  1  2  3  4  5  6  7  8  9 10 11 |
---------------+----------------------------------+-----
Dodging        | 3 4 5 6 7 8 9 |  9.2
Fighting       | 4 5 6 7 8 9 10 | 10.9
Maces & Flails | 4 5 6 7 8 9 10 | 10.0
Air Magic      | 2 4 6 7 |  7.5
Spellcasting   | 1 2 |  2.4
Conjurations   | 1 3 5 6 |  6.1
Stealth        | |  1.7

Action                   |  1- 3 |  4- 6 |  7- 9 | 10-12 || total
-------------------------+-------+-------+-------+-------++-------
Melee: Mace              |   103 |       |       |       ||   103
       Punch             |     1 |     3 |     1 |     4 ||     9
       Tailslap          |     5 |     7 |    22 |    31 ||    65
       Flail             |     3 |    94 |   178 |   192 ||   467
 Cast: Static Discharge  |       |       |       |    19 ||    19
 Abil: Breathe Lightning |       |       |    12 |    11 ||    23
  Use: Scroll            |     4 |     4 |     7 |     1 ||    16
 Stab: Sleeping          |     7 |    12 |     6 |       ||    25
       Distracted        |     1 |       |     1 |       ||     2
Armor: Skin              |    39 |    24 |    38 |    47 ||   148
Dodge: Dodged            |   101 |    54 |   135 |   272 ||   562
